 Dungeon Crawl Stone Soup version 0.27-a0-412-g8dd771eca2 (webtiles) character file.

Game seed: 15316744009071761832

321 CryoSword the Scholar of Death (level 6, -3/46 HPs)
             Began as a Vampire Necromancer on Feb 24, 2021.
             Was a Follower of Kikubaaqudgha.
             Slain by a killer bee (4 damage)
             ... on level 4 of the Dungeon.
             The game lasted 00:09:46 (3918 turns).

CryoSword the Scholar of Death (VpNe)               Turns: 3918, Time: 00:09:46

Health: -3/46      AC:  3    Str:  9    XL:     6   Next: 22%
Magic:  2/10       EV: 12    Int: 18    God:    Kikubaaqudgha [*.....]
Gold:   157        SH:  0    Dex: 14    Spells: 6/11 levels left

rFire    . . .     SeeInvis +   a - +0 dagger
rCold    + . .     Faith    .   (no shield)
rNeg     . . .     Spirit   .   d - +0 robe
rPois    .         Reflect  .   (no helmet)
rElec    .         Harm     .   (no cloak)
rCorr    .         Rampage  .   (no gloves)
Will     .....                  r - +0 pair of boots
Stlth    ++........             (no amulet)
HPRegen  0.35/turn              m - ring of protection from cold
MPRegen  0.12/turn              t - ring of wizardry

@: mighty, lethally poisoned (-3 -> -15), flying, regenerating quickly, hasted,
very quick
A: fangs 3, see invisible, unbreathing
a: Exsanguinate, Renounce Religion, Receive Corpses


You were on level 4 of the Dungeon.
You worshipped Kikubaaqudgha.
Kikubaaqudgha was aware of your devotion.
You visited 1 branch of the dungeon, and saw 4 of its levels.

You collected 157 gold pieces.

Inventory:

Hand Weapons
 a - a +0 dagger (weapon)
   (You took it off a goblin on level 1 of the Dungeon)
Missiles
 f - 28 poisoned darts (quivered)
Armour
 d - a +0 robe (worn)
 r - a +0 pair of boots (worn)
   (You found it on level 2 of the Dungeon)
Jewellery
 m - a ring of protection from cold (left hand)
   (You found it on level 2 of the Dungeon)
 t - a ring of wizardry (right hand)
   (You found it on level 3 of the Dungeon)
Scrolls
 b - 3 scrolls of teleportation {unknown}
 g - 2 scrolls of identify {unknown}
 j - 2 scrolls of magic mapping {unknown}
 l - a scroll of random uselessness {unknown}
 n - a scroll of amnesia {unknown}
 p - a scroll of fear {unknown}
 q - a scroll of enchant armour {unknown}
 v - a scroll of immolation {unknown}
Potions
 c - a potion of mutation {unknown}
 e - a potion of lignification {unknown}
 h - 3 potions of berserk rage {unknown}
 i - a potion of resistance {unknown}
 k - a potion of haste {@q3}
 o - a potion of flight
 s - a potion of might
 u - a potion of heal wounds {unknown}
 w - a potion of brilliance {unknown}


   Skills:
 + Level 2.4 Fighting
 + Level 1.7 Short Blades
 - Level 2.1 Dodging
 - Level 3.6 Stealth
 + Level 3.1 Spellcasting
 * Level 6.4 Necromancy


You had 6 spell levels left.
You knew the following spells:

 Your Spells              Type           Power        Failure   Level
a - Pain                  Necr           100%         1%          1
b - Vampiric Draining     Necr           13%          1%          3
y - Animate Skeleton      Necr           52%          1%          1

Your spell library contained the following spells:

 Spells                   Type           Power        Failure   Level
 Sublimation of Blood     Necr           13%          1%          2
 Corpse Rot               Necr/Air       N/A          2%          2
 Animate Dead             Necr           13%          4%          4
 Agony                    Necr           26%          12%         5


Dungeon Overview and Level Annotations

Branches:
Dungeon (4/15)             Temple (0/1) D:4

Altars:
Fedhas
Kikubaaqudgha
Nemelex Xobeh
Sif Muna
Uskayaw
Xom


Innate Abilities, Weirdness & Mutations

Your natural rate of healing is unusually fast.
You have razor-sharp teeth.
You have supernaturally acute eyesight. (SInv)
You can survive without breathing.


Message History

The centaur skeleton hits you.
You completely miss the centaur skeleton.
The centaur skeleton hits you.
You are too injured to fight recklessly!
You are too injured to fight recklessly!
You are too injured to fight recklessly!
You are too injured to fight recklessly!
The centaur skeleton barely misses you. The centaur skeleton hits you.
The centaur skeleton hits you.
The centaur skeleton closely misses you.
The centaur skeleton completely misses you.
The centaur skeleton hits you but does no damage.
The centaur skeleton hits you. The centaur skeleton hits you.
There is a stone staircase leading up here.
The centaur skeleton hits you.
You climb upwards.
There is a stone staircase leading down here.
You start resting.
You climb downwards.
The centaur skeleton hits you. The centaur skeleton barely misses you.
There is a stone staircase leading up here.
The centaur skeleton hits you.
The centaur skeleton hits you but does no damage.
The centaur skeleton hits you but does no damage.
The centaur skeleton closely misses you.
You hit the centaur skeleton but do no damage.
You bite the centaur skeleton.
The centaur skeleton closely misses you.
The centaur skeleton misses you.
You hit the centaur skeleton but do no damage.
The centaur skeleton hits you.
You hit the centaur skeleton. The centaur skeleton barely misses you.
You hit the centaur skeleton. The centaur skeleton hits you.
The centaur skeleton hits you.
You hit the centaur skeleton.
The centaur skeleton hits you but does no damage.
You hit the centaur skeleton. You bite the centaur skeleton.
The centaur skeleton barely misses you.
You hit the centaur skeleton.
You bite the centaur skeleton, but do no damage.
The centaur skeleton barely misses you.
You hit the centaur skeleton. The centaur skeleton barely misses you.
You completely miss the centaur skeleton.
The centaur skeleton hits you. The centaur skeleton barely misses you.
You hit the centaur skeleton.
You destroy the centaur skeleton!
Kikubaaqudgha accepts your kill.
Your Spellcasting skill increases to level 3!
You have reached level 6!
Your experience leads to an increase in your attributes!
Increase (S)trength, (I)ntelligence, or (D)exterity?
You feel stronger.
You start resting.
Found 23 stones.
j - 2 scrolls labelled UKIRAT DUMITU (gained 1)
Found a staircase to the Ecumenical Temple.
A leopard gecko skeleton comes into view.
A leopard gecko skeleton is nearby!
A leopard gecko skeleton is nearby!
Unknown command.
The leopard gecko skeleton closely misses you.
You hit the leopard gecko skeleton but do no damage.
Your bite misses the leopard gecko skeleton.
The leopard gecko skeleton closely misses you.
You hit the leopard gecko skeleton.
The leopard gecko skeleton barely misses you.
You barely miss the leopard gecko skeleton.
The leopard gecko skeleton bites you.
You hit the leopard gecko skeleton. You bite the leopard gecko skeleton.
The leopard gecko skeleton barely misses you.
You hit the leopard gecko skeleton.
You destroy the leopard gecko skeleton!
Kikubaaqudgha accepts your kill.
No target in view!
No target in view!
No target in view!
An orc wizard comes into view. It is wielding a +0 dagger.
An orc wizard is nearby!
An orc wizard is nearby!
The orc wizard casts a spell at you. The puff of flame hits you!
The orc wizard closely misses you.
An orc comes into view.
The orc shouts!
You hit the orc wizard but do no damage.
You hear an angry buzzing noise. x3
A killer bee comes into view.
An orc priest comes into view. It is wielding a +0 short sword.
A killer bee comes into view.
The killer bee buzzes angrily.
You hear an angry buzzing noise.
A killer bee comes into view. x2
The killer bee moves out of view.
Okay, then.
The orc wizard gestures at itself while chanting.
The orc wizard flickers and vanishes for a moment.
The orc wizard points at you and mumbles some strange words.
You resist with some effort. The killer bee closely misses you.
The killer bee stings you but does no damage.
The killer bee stings you! The killer bee closely misses you.
The killer bee barely misses you.
Aim: a killer bee You feel life coursing into your body.
The killer bee stings you!
You are poisoned.
The killer bee poisons you! The killer bee stings you.
Aim: a killer bee (severely wounded)
You kill the killer bee!
Kikubaaqudgha accepts your kill.
You feel life coursing into your body.
You feel sick. The killer bee stings you.
Aim: a killer bee You feel life coursing into your body.
You feel sick. The killer bee misses you. The killer bee closely misses you.
You feel sick.
The killer bee stings you but does no damage.
The killer bee barely misses you.
You feel sick. The killer bee misses you.
You feel sick. The killer bee barely misses you. The killer bee stings you.
You are more poisoned.
The killer bee poisons you! The killer bee barely misses you.
You feel sick. The killer bee barely misses you.
It was a potion of might.
You feel very mighty all of a sudden.
You feel sick. The killer bee stings you.
* * * LOW HITPOINT WARNING * * *
The killer bee barely misses you.
You miss the killer bee.
You feel sick. The killer bee stings you.
* * * LOW HITPOINT WARNING * * *
The killer bee stings you!
* * * LOW HITPOINT WARNING * * *
You are lethally poisoned!
The killer bee poisons you!
It was a potion of flight.
You feel very buoyant.
You fly up into the air.
* * * LOW HITPOINT WARNING * * *
You feel sick. The killer bee closely misses you.
The killer bee barely misses you.
It was a potion of haste.
You feel yourself speed up.
* * * LOW HITPOINT WARNING * * *
You feel sick. The killer bee stings you.
* * * LOW HITPOINT WARNING * * *
You are more poisoned.
The killer bee poisons you! The killer bee stings you.
You die...
Kikubaaqudgha rasps: "You have failed me!
Welcome... death!"

#.#(..##....#...##...#
#.............o....#.... ..[#
#######...#####o##.# .#. ...#
#..## #.# .. # ...# #####.###
###.####..# ...#
#.......###..o...# ####
...#####.###....##......###8_##
..........####..##y.....#_....#
............##..@yy.....###..###
..........#.##..##......##....⌠#
...#####........##......###..###
...# ####.##..##......#......#
...# #.##..###########..###
...###### #.....###### #....#
........# #..........# ###..##
...####.# #.##.##.##.# #.....♣
...####.# #.##>......#####8..8##


You could see 3 killer bees and an orc priest.

Vanquished Creatures
  A water moccasin skeleton (D:4)
  A killer bee (D:4)
  A centaur skeleton (D:4)
  A worker ant (D:4)
  2 gnolls (D:3)
  4 adders
  A worm (D:2)
  10 orcs
  A ball python (D:3)
  8 bats
  3 giant cockroaches
  3 goblins
  3 hobgoblins
  12 jackals
  A quokka (D:4)
  5 frilled lizards
  9 kobolds
  A leopard gecko skeleton (D:4)
  A quokka skeleton (D:4)
  10 rats
78 creatures vanquished.

Vanquished Creatures (collateral kills)
  A hound (D:3)
  A gnoll (D:3)
  An orc (D:3)
  2 goblins (D:2)
  A jackal (D:3)
  A rat (D:2)
7 creatures vanquished.

Grand Total: 85 creatures vanquished

Notes
Turn   | Place    | Note
-------+----------+-------------------------------------------
     0 | D:1      | CryoSword the Vampire Necromancer began the quest for the
                  | Orb.
     0 | D:1      | Reached XP level 1. HP: 13/13 MP: 3/3
   135 | D:1      | Learned a level 1 spell: Animate Skeleton
   250 | D:1      | Reached XP level 2. HP: 14/20 MP: 0/5
  1057 | D:2      | Reached skill level 1 in Fighting
  1057 | D:2      | Reached skill level 5 in Necromancy
  1057 | D:2      | Reached XP level 3. HP: 23/26 MP: 1/6
  1431 | D:2      | Found an ancient bone altar of Kikubaaqudgha.
  1537 | D:2      | Became a worshipper of Kikubaaqudgha
  1911 | D:3      | Reached XP level 4. HP: 30/32 MP: 3/7
  2185 | D:3      | Learned a level 3 spell: Vampiric Draining
  2312 | D:3      | Reached XP level 5. HP: 36/38 MP: 5/8
  2388 | D:3      | Found a sparkling altar of Nemelex Xobeh.
  2442 | D:3      | Reached * piety under Kikubaaqudgha
  2442 | D:3      | Identified Kikubaaqudgha's Compendium of Dark Rituals
                  | (Kikubaaqudgha gifted it to you on level 3 of the Dungeon)
  2442 | D:3      | Received a gift from Kikubaaqudgha
  3051 | D:3      | Found a blossoming altar of Fedhas.
  3051 | D:3      | Found a shimmering blue altar of Sif Muna.
  3142 | D:4      | Reached skill level 1 in Short Blades
  3142 | D:4      | Reached skill level 6 in Necromancy
  3644 | D:4      | Found a hide-covered altar of Uskayaw.
  3652 | D:4      | Found a shimmering altar of Xom.
  3807 | D:4      | Reached XP level 6. HP: 33/44 MP: 10/10
  3867 | D:4      | Found a staircase to the Ecumenical Temple.
  3918 | D:4      | HP: 1/46 [killer bee (5)]
  3918 | D:4      | Slain by a killer bee

Illustrated notes

Levels and vault maps discovered:
D:1:      beargit_arrival_greenhouse, layout_basic
D:2:      layout_basic, overflow_temple_1_default, minmay_small_reverse_x
D:3:      layout_loops_ring, gammafunk_temple_overflow_wave, lemuel_round_altar
D:4:      layout_loops_cross, kennysheep_slug_shrine, minitemple,
          minmay_temple_entry_ruins, grunt_ministairs_10, kennysheep_nondescript

Skill      XL: |  1  2  3  4  5 |
---------------+----------------+-----
Fighting       | 1 2 |  2.4
Necromancy     | 5 6 |  6.4
Short Blades   | 1 |  1.7
Spellcasting   | 3 |  3.1
Dodging        | |  2.1
Stealth        | |  3.6

Action                   |  1- 3 |  4- 6 || total
-------------------------+-------+-------++-------
Melee: Dagger            |    44 |    89 ||   133
       Bite              |     4 |    14 ||    18
Throw: Dart              |       |     2 ||     2
 Cast: Pain              |    55 |    44 ||    99
       Animate Skeleton  |    12 |     4 ||    16
       Vampiric Draining |       |     7 ||     7
  Use: Potion            |       |     3 ||     3
 Stab: Sleeping          |     5 |     5 ||    10
Armor: Robe              |    16 |    28 ||    44
Dodge: Dodged            |    73 |   102 ||   175

Table legend: (Time is in decaauts)
 A = Elapsed time spent in this place.
 B = Non-inter-level travel time spent in this place.
 C = Inter-level travel time spent in this place.
 D = Time resting spent in this place.
 E = Time spent auto-exploring this place.
 F = Levels seen in this place.
 G = Mean time per level.
                   A        B        C        D        E       F      G
               +--------+--------+--------+--------+--------+-----+--------+
         Total |   3951 |   3769 |    182 |    708 |   2069 |   4 |  987.8 |
       Dungeon |   3951 |   3769 |    182 |    708 |   2069 |   4 |  987.8 |
               +--------+--------+--------+--------+--------+-----+--------+

Top non-repeatable levels by time:
     D:2: 1226 daAuts
     D:3: 1087 daAuts
     D:1: 881 daAuts
     D:4: 755 daAuts
